 Dungeon Crawl Stone Soup version 0.28.0-1-gb440e238dd (webtiles) character file.

Game seed: 6567591647227633454

955 Crownlay the Cleaver (level 8, -7/106 HPs)
             Began as a Hill Orc Fighter on Feb 19, 2022.
             Was a Follower of Beogh.
             Mangled by a troll (13 damage)
             ... on level 5 of the Dungeon.
             The game lasted 00:06:31 (3401 turns).

Crownlay the Cleaver (Hill Orc Fighter)             Turns: 3401, Time: 00:06:31

Health: -7/106     AC: 24    Str: 21    XL:     8   Next: 14%
Magic:  11/11      EV:  2    Int:  8    God:    Beogh [*.....]
Gold:   354        SH:  9    Dex: 10    Spells: 7/7 levels left

rFire   . . .      SeeInvis .   o - +0 war axe (freeze)
rCold   . . .      Faith    .   c - +0 buckler
rNeg    . . .      Spirit   .   (armour currently unavailable)
rPois   +          Reflect  +   (helmet currently unavailable)
rElec   .          Harm     .   (cloak currently unavailable)
rCorr   .          Rampage  .   (gloves currently unavailable)
Will    .....      NoTele   +   (boots currently unavailable)
Stlth   +.........              d - amulet of reflection
HPRegen 0.27/turn               (no ring)
MPRegen 0.12/turn               (no ring)

@: tree-form
A: stationary, stasis, torment immunity, boosted hp
a: Renounce Religion


You were on level 5 of the Dungeon.
You worshipped Beogh.
Beogh was aware of your devotion.
You were a tree.
You visited 1 branch of the dungeon, and saw 5 of its levels.

You collected 354 gold pieces.

Inventory:

Hand Weapons
 o - a +0 war axe of freezing (weapon)
Missiles
 n - 5 atropa-tipped darts (quivered)
 s - 4 boomerangs
Armour
 b - a +0 scale mail (melded)
 c - a +0 buckler (worn)
 g - a +0 pair of boots (melded)
Jewellery
 d - an amulet of reflection (around neck)
 l - an amulet of regeneration
Wands
 a - a wand of flame (23)
Scrolls
 e - a scroll of enchant weapon
 f - a scroll of vulnerability
 i - 2 scrolls of amnesia
 m - a scroll of teleportation {unknown}
 p - a scroll of immolation {unknown}
 q - a scroll of summoning {unknown}
 r - a scroll of blinking {unknown}
 t - a scroll of fog {unknown}
Potions
 h - a potion of curing {unknown}
 j - a potion of lignification
 k - a potion of haste {unknown}


   Skills:
 + Level 6.8 Fighting
 * Level 9.4 Axes
 - Level 3.2 Armour
 - Level 3.2 Shields
 + Level 4.2 Invocations


You had 7 spell levels left.
You didn't know any spells.
Your spell library contained the following spells:

 Spells                   Type           Power      Damage    Failure   Level
 Frozen Ramparts          Ice            0%         1d2       86%         3
 Ice Form                 Ice/Tmut       0%         N/A       99%         4
 Summon Ice Beast         Ice/Summ       0%         N/A       99%         4


Dungeon Overview and Level Annotations

Branches:
Dungeon (5/15)
 Temple: D:4-7

Altars:
Nemelex Xobeh
Trog
Beogh

Shops:
D:1 (   D:2 (

Annotations:
D:5 Raspi's ghost, novice TeBr


Message History

You block the ufetubus's attack. x2
Okay, then.
Okay, then.
Really quaff the potion of lignification? [Y]es or [N]o only, please.
Really quaff the potion of lignification?
You turn into a tree.
Your +0 pair of boots melds into your body.
Your +0 scale mail melds into your body.
Your roots penetrate the ground.
The troll bites you!
* * * LOW HITPOINT WARNING * * *
The troll claws you but does no damage. You block the troll's attack.
You block the ufetubus's attack.
The ufetubus hits you but does no damage.
You barely miss the troll.
The troll is moderately wounded.
You miss the ufetubus.
The ufetubus hits you but does no damage.
You block the ufetubus's attack. The troll bites you but does no damage.
The troll claws you but does no damage. The troll claws you.
* * * LOW HITPOINT WARNING * * *
The ufetubus hits you but does no damage. x2
You barely miss the troll.
The troll is moderately wounded.
You completely miss the ufetubus. The troll bites you but does no damage.
The troll claws you.
* * * LOW HITPOINT WARNING * * *
You block the troll's attack.
The ufetubus hits you but does no damage.
The ufetubus hits you.
* * * LOW HITPOINT WARNING * * *
The troll bites you but does no damage. The troll claws you!
* * * LOW HITPOINT WARNING * * *
The troll claws you but does no damage.
You slash the troll! You freeze the troll.
The troll is heavily wounded.
You hit the ufetubus.
The ufetubus hits you but does no damage. x2
You block the ufetubus's attack. x2; The troll bites you!
You die...

######..<.......
#.###.#
#......#########
##.#...## #......#
#........ #......#
###..######
#.....##### #....###
#.........# #####.#
#......####
#.....###.###......#
####.#..... #.....#
#.#..#######8.#
#.###### #...$.#
#.#.....♣T.8⌠.# ... #
#######
#..<†.8..5....# .....
###############.......
#########


You could see a troll and an ufetubus.

Vanquished Creatures
  Edmund (D:5)
  4 scorpions
  2 water moccasin skeletons (D:5)
  A howler monkey (D:5)
  A centaur zombie (D:4)
  2 bullfrog zombies (D:5)
  2 hounds
  2 orc priests (D:3)
  An orc wizard (D:3)
  An iguana (D:5)
  A howler monkey skeleton (D:4)
  7 adders
  2 worms
  A dart slug (D:1)
  7 orcs
  8 bats
  7 endoplasms
  5 giant cockroaches
  13 goblins
  12 hobgoblins
  2 jackals (D:5)
  8 kobolds
  4 quokkas
  6 ball pythons
  12 frilled lizards
  8 rats
120 creatures vanquished.

Notes
Turn   | Place    | Note
-------+----------+-------------------------------------------
     0 | D:1      | Crownlay the Hill Orc Fighter began the quest for the Orb.
     0 | D:1      | Reached XP level 1. HP: 19/19 MP: 1/1
    27 | D:1      | Reached skill level 3 in Axes
    75 | D:1      | Reached XP level 2. HP: 25/27 MP: 2/2
   354 | D:1      | Reached skill level 4 in Axes
   357 | D:1      | Reached XP level 3. HP: 29/33 MP: 3/3
   474 | D:1      | Found Noryseg's Weapon Boutique.
   580 | D:1      | Found a faded altar of an unknown god.
  1190 | D:2      | Reached XP level 4. HP: 22/41 MP: 4/4
  1424 | D:2      | Reached skill level 5 in Axes
  1565 | D:2      | Found Meituito's Antique Weapon Emporium.
  1863 | D:3      | Reached XP level 5. HP: 44/47 MP: 5/5
  2181 | D:3      | Found a roughly hewn altar of Beogh.
  2187 | D:3      | Reached skill level 5 in Fighting
  2187 | D:3      | Reached skill level 6 in Axes
  2191 | D:3      | Reached XP level 6. HP: 31/56 MP: 6/6
  2318 | D:3      | Became a worshipper of Beogh the Brigand
  2424 | D:4      | Found a sparkling altar of Nemelex Xobeh.
  2448 | D:4      | Reached skill level 7 in Axes
  2529 | D:4      | Reached skill level 1 in Invocations
  2658 | D:4      | Reached * piety under Beogh
  2828 | D:4      | Reached XP level 7. HP: 62/62 MP: 8/8
  2883 | D:4      | Reached skill level 8 in Axes
  3052 | D:4      | Found a bloodstained altar of Trog.
  3165 | D:5      | Entered Level 5 of the Dungeon
  3216 | D:5      | Noticed Raspi's ghost (novice TeBr)
  3252 | D:5      | Noticed Edmund
  3266 | D:5      | Killed Edmund
  3270 | D:5      | Reached skill level 9 in Axes
  3358 | D:5      | Reached XP level 8. HP: 71/71 MP: 9/11
  3388 | D:5      | Noticed a troll
  3400 | D:5      | HP: 5/106 [troll (10)]
  3401 | D:5      | Mangled by a troll

Illustrated notes

Levels and vault maps discovered:
D:1:      dpeg_arrival_oval, layout_rooms, serial_shops,
          nicolae_shop_behind_doors, shapermc_ecumenical_altar_pompeii,
          minmay_lizard_pond
D:2:      layout_loops_ring, serial_shops, nicolae_shop_trees, minmay_unequal
D:3:      layout_rooms, kennysheep_orc_chapel
D:4:      cheibrodos_greedy_goblins, layout_loops_ring, lightli_temple_of_fire,
          kennysheep_mini_moat, chequers_serial_rivers_small_3,
          minmay_misc_feat_square, minmay_mini_jars
D:5:      layout_rooms, gup_sewer_entry_glass, gammafunk_ghost_split,
          chequers_decorated_corner, ebering_dispersal_statue_hall,
          minmay_fractal_squares_diagonal_5, uniq_edmund, uniq_prince_ribbit1

Skill      XL: |  1  2  3  4  5  6  7 |
---------------+----------------------+-----
Axes           | 3 4 5 6 7 9 |  9.4
Fighting       | 4 5 6 |  6.8
Invocations    | 2 4 |  4.2
Armour         | |  3.2
Shields        | |  3.2

Action                   |  1- 3 |  4- 6 |  7- 9 || total
-------------------------+-------+-------+-------++-------
Melee: War axe           |   103 |   135 |    96 ||   334
  Use: Scroll            |       |       |     4 ||     4
       Potion            |       |       |     2 ||     2
Armor: Scale mail        |    50 |    68 |    42 ||   160
       Skin              |       |       |    13 ||    13
Dodge: Dodged            |    61 |    83 |    37 ||   181
Block: Buckler           |    20 |    39 |    39 ||    98
